 Dungeon Crawl Stone Soup version 0.30-a0-989-g0d87f670db (webtiles) character file.

Game seed: 10988638701504874034

2876 NinjaNoafa the Nimble (level 9, 0/66 HPs)
             Began as a Merfolk Gladiator on Apr 3, 2023.
             Was an Initiate of Uskayaw.
             Slain by an orc warrior
             ... wielding a +0 flail
              (12 damage)
             ... on level 7 of the Dungeon.
             The game lasted 00:14:59 (6160 turns).

NinjaNoafa the Nimble (Merfolk Gladiator)           Turns: 6160, Time: 00:14:59

Health: 0/66       AC:  4    Str: 12 (15) XL:     9   Next: 76%
Magic:  4/13       EV: 22    Int:  7 (9)  God:    Uskayaw [......]
Gold:   305        SH:  4    Dex: 16 (17) Spells: 13/13 levels left

rFire   . . .      SeeInvis .    a - +0 rapier
rCold   + . .      Faith    .    (no shield)
rNeg    . . .      Spirit   .    b - +0 leather armour
rPois   .          Reflect  .    (helmet restricted)
rElec   .          Rampage  .    j - +0 cloak
rCorr   .                        (no gloves)
Will    .....                    (no boots)
Stlth   +                        (no amulet)
HPRegen 0.31/turn                g - +5 ring of evasion
MPRegen 0.13/turn                m - ring of protection from cold

@: no status effects
A: (nimble swimmer 2), mertail, horns 1, large bone plates 1, frail 1
a: Renounce Religion


You were on level 7 of the Dungeon.
You worshipped Uskayaw.
Uskayaw was noncommittal.
You visited 2 branches of the dungeon, and saw 8 of its levels.

You collected 305 gold pieces.

Inventory:

Hand Weapons
 a - a +0 rapier (weapon)
Missiles
 s - 5 poisoned darts (quivered)
 y - 2 datura-tipped darts
Armour
 b - a +0 leather armour (worn)
 c - a +0 helmet
 j - a +0 cloak (worn)
Jewellery
 g - a +5 ring of evasion (left hand)
 m - a ring of protection from cold (right hand)
 w - a ring of wizardry
Scrolls
 d - a scroll of noise {unknown}
 e - a scroll of fog {unknown}
 f - a scroll of silence {unknown}
 h - 2 scrolls of teleportation
 i - a scroll of brand weapon {unknown}
 o - a scroll of vulnerability
 q - 2 scrolls of enchant weapon {unknown}
 t - a scroll of immolation {unknown}
 u - 5 scrolls of magic mapping
 v - a scroll of poison {unknown}
 x - a scroll of enchant armour {unknown}
 D - 2 scrolls of fear {unknown}
Potions
 k - a potion of degeneration
 l - a potion of attraction
 n - 2 potions of resistance
 p - a potion of cancellation {unknown}
 r - a potion of berserk rage {unknown}
 z - a potion of curing
 B - a potion of flight {unknown}
 C - a potion of brilliance {unknown}


   Skills:
 - Level 8.2 Fighting
 - Level 9.4 Short Blades
 - Level 2.0 Throwing
 - Level 10.2 Dodging
 + Level 2.8 Spellcasting
 - Level 1.8 Invocations


You had 13 spell levels left.
You didn't know any spells.
Your spell library contained the following spells:

 Spells                   Type           Power      Damage    Failure   Level
 Blink                    Tloc           0%         N/A       56%         2
 Dazzling Flash           Conj/Hex       0%         N/A       80%         3
 Manifold Assault         Tloc           0%         N/A       99%         4
 Agony                    Necr           0%         N/A       100%        5
 Silence                  Hex/Air        0%         N/A       100%        5
 Storm Form               Tmut/Air       0%         N/A       100%        7


Dungeon Overview and Level Annotations

Branches:
Dungeon (7/15)             Temple (1/1) D:6

Altars:
Ashenzari
Cheibriados
Dithmenos
Fedhas
Gozag
Hepliaklqana
Kikubaaqudgha
Makhleb
Nemelex Xobeh
Okawaru
Qazlal
Sif Muna
Trog
Uskayaw
Vehumet
Wu Jian
Xom
Yredelemnul
The Shining One


Innate Abilities, Weirdness & Mutations

((You are very nimble when in or above water. (Stealth+, EV+, Speed+++)))
Your lower body shifts to a powerful aquatic tail in water.
You have a pair of small horns on your head.
You are partially covered in large bone plates. (SH +4)
You are frail. (-10% HP)


Message History

You can no longer stomp with the beat.
The orc warrior hits you with a +0 flail!
* * * LOW HITPOINT WARNING * * *
Unknown command.
You feel better. The orc warrior barely misses you.
It was a potion of degeneration.
There was something very wrong with that liquid.
You feel weakened.
You feel dopey.
You feel clumsy. The orc warrior misses you.
It was a potion of mutation.
You feel extremely strange. A pair of horns grows on your head!
Your +0 helmet falls away!
You feel weirdly uncertain. The orc warrior barely misses you.
Really quaff the potion of mutation?
You feel extremely strange. The horns on your head shrink away.
You feel stable.
You feel frail. A pair of horns grows on your head!
Large bone plates grow over parts of your arms.
The orc warrior misses you.
You closely miss the orc warrior. You headbutt the orc warrior!
The orc warrior is heavily wounded.
The orc warrior barely misses you.
You can now stomp with the beat.
You hit the orc warrior but do no damage.
The orc warrior is heavily wounded.
The orc warrior completely misses you.
You barely miss the orc warrior.
You headbutt the orc warrior, but do no damage.
The orc warrior is heavily wounded.
The orc warrior hits you with a +0 flail!
* * * LOW HITPOINT WARNING * * *
You feel better.
The orc warrior hits you with a +0 flail!
* * * LOW HITPOINT WARNING * * *
You stomp with the beat, sending a shockwave through the revellers around you!
The orc warrior is severely wounded.
You can no longer stomp with the beat.
The orc warrior hits you with a +0 flail!
You die...

#...........##.##..##...
#.........#.##..##'##...
#.........#.###.#..(#...
#.........#.# #+#...#'#.
#.........#.# #.......#.
..........#.#####...####
##.#...#.'...+.#.
##..#.#'#.#####.#+
###@)...#.....#.....
#.o.##+##.....+.....
#)#.# #.....#..... #)#+#
#+#.#####.#' #.#
#.+...'.#. #.#
###...#### #..
#.......#. ##.
#+#...#+#. . #...#...


You could see an orc warrior.

Vanquished Creatures
  Pikel (D:4)
  Grinder (D:6)
  A wyvern (D:6)
  Eustachio (D:4)
  Edmund (D:4)
  Menkaure (D:6)
  2 ice beasts (D:5)
  2 ogres
  A lemure (D:4)
  A phantom (D:4)
  A bullfrog (D:6)
  4 scorpions
  2 howler monkeys (D:7)
  3 hounds
  2 jellies
  2 gnoll boudas (D:6)
  4 orc priests
  A sleepcap (D:4)
  Jessica (D:2)
  Terence (D:2)
  3 iguanas
  4 orc wizards
  18 gnolls
  8 adders
  A white imp (D:6)
  2 ufetubi
  3 worms
  22 orcs
  2 ball pythons
  12 endoplasms
  3 giant cockroaches
  4 goblins
  5 hobgoblins
  2 jackals (D:3)
  8 kobolds
  6 quokkas
  4 bats
  2 frilled lizards
  3 rats
145 creatures vanquished.

Vanquished Creatures (others)
  An orc (D:6)
1 creature vanquished.

Grand Total: 146 creatures vanquished

Notes
Turn   | Place    | Note
-------+----------+-------------------------------------------
     0 | D:1      | NinjaNoafa the Merfolk Gladiator began the quest for the
                  | Orb.
     0 | D:1      | Reached XP level 1. HP: 16/16 MP: 1/1
    86 | D:1      | Reached XP level 2. HP: 14/23 MP: 2/2
   770 | D:2      | Reached XP level 3. HP: 17/29 MP: 3/3
   783 | D:2      | Reached XP level 4. HP: 24/35 MP: 4/4
   857 | D:2      | Reached skill level 5 in Dodging
  1125 | D:2      | Noticed Terence
  1136 | D:2      | Killed Terence
  1181 | D:2      | Reached XP level 5. HP: 40/41 MP: 5/5
  1190 | D:2      | Noticed Jessica
  1208 | D:2      | Killed Jessica
  1209 | D:2      | Reached skill level 5 in Short Blades
  1810 | D:3      | Reached XP level 6. HP: 23/48 MP: 6/6
  2129 | D:3      | Reached skill level 6 in Dodging
  2321 | D:3      | Found a sparkling altar of Nemelex Xobeh.
  2811 | D:4      | Noticed Pikel
  2850 | D:4      | Killed Pikel
  2851 | D:4      | Reached skill level 5 in Fighting
  2851 | D:4      | Reached skill level 7 in Dodging
  2851 | D:4      | Reached XP level 7. HP: 30/57 MP: 7/7
  2851 | D:4      | Reached XP level 8. HP: 34/64 MP: 8/8
  3033 | D:4      | Noticed Edmund
  3035 | D:4      | Noticed Eustachio
  3087 | D:4      | Killed Edmund
  3088 | D:4      | Reached skill level 8 in Dodging
  3452 | D:4      | Killed Eustachio
  3679 | D:5      | Entered Level 5 of the Dungeon
  4109 | D:5      | Reached skill level 9 in Dodging
  4448 | D:6      | Reached XP level 9. HP: 70/72 MP: 9/9
  4571 | D:6      | Noticed Menkaure
  4925 | D:6      | Found a staircase to the Ecumenical Temple.
  4938 | Temple   | Entered the Ecumenical Temple
  4938 | Temple   | Found a transporter.
  4938 | Temple   | Found a transporter.
  4940 | Temple   | Found a transporter.
  4940 | Temple   | Found a transporter.
  4953 | Temple   | Became a worshipper of Uskayaw the Reveller
  5039 | D:6      | Noticed Grinder
  5043 | D:6      | Reached * piety under Uskayaw
  5071 | D:6      | Reached ** piety under Uskayaw
  5080 | D:6      | Reached *** piety under Uskayaw
  5093 | D:6      | Reached **** piety under Uskayaw
  5098 | D:6      | Paralysed by Grinder for 5 turns
  5104 | D:6      | Killed Grinder
  5311 | D:6      | Killed Menkaure
  5312 | D:6      | Reached skill level 10 in Dodging
  5370 | D:6      | Reached skill level 1 in Invocations
  5621 | D:7      | Reached skill level 1 in Spellcasting
  5722 | D:7      | Found a bloodstained altar of Trog.
  6154 | D:7      | Gained mutation: You have a pair of small horns on your
                  | head. [potion of mutation]
  6154 | D:7      | Gained mutation: You are occasionally teleported next to
                  | monsters. [potion of mutation]
  6155 | D:7      | Lost mutation: You have a pair of small horns on your head.
                  | [potion of mutation]
  6155 | D:7      | Lost mutation: You are occasionally teleported next to
                  | monsters. [potion of mutation]
  6155 | D:7      | Gained mutation: You are frail. (-10% HP) [potion of
                  | mutation]
  6155 | D:7      | Gained mutation: You have a pair of small horns on your
                  | head. [potion of mutation]
  6155 | D:7      | Gained mutation: You are partially covered in large bone
                  | plates. (SH +4) [potion of mutation]
  6160 | D:7      | Slain by an orc warrior

Illustrated notes

Levels and vault maps discovered:
D:1:      tekkud_arrival_beachfront_property, layout_basic, minmay_cupped
D:2:      layout_basic, uniq_terence, uniq_jessica
D:3:      layout_loops_ring, nemelex_diamond_rough_becter,
          corexii_hall_statues_x
D:4:      layout_basic, uniq_edmund, uniq_eustachio, uniq_pikel
D:5:      layout_cave_pools, grunt_ministairs_5
D:6:      layout_basic, minmay_temple_entry_trees, uniq_menkaure, uniq_grinder
D:7:      nicolae_cairo_tiling_large, layout_basic,
          nicolae_ru_the_path_less_chosen, mainiacjoe_overflow_24_doors
Temple:   hellmonk_temple_divided_pantheon

Skill      XL: |  1  2  3  4  5  6  7  8  9 |
---------------+----------------------------+-----
Short Blades   | 4 5 7 8 9 |  9.4
Fighting       | 3 4 5 7 8 |  8.2
Dodging        | 5 7 9 10 | 10.2
Invocations    | 1 |  1.8
Spellcasting   | 2 |  2.8
Throwing       | |  2.0

Action                     |  1- 3 |  4- 6 |  7- 9 || total
---------------------------+-------+-------+-------++-------
  Melee: Rapier            |    86 |   273 |   536 ||   895
         Punch             |       |     3 |    11 ||    14
         Headbutt          |       |       |     2 ||     2
  Throw: Javelin           |       |     3 |       ||     3
         Throwing net      |       |     6 |     1 ||     7
         Dart              |       |       |    15 ||    15
 Invoke: Stomp             |       |       |     5 ||     5
         Line Pass         |       |       |     3 ||     3
    Use: Potion            |       |     3 |    11 ||    14
         Scroll            |       |       |     7 ||     7
   Stab: Sleeping          |     1 |     2 |     2 ||     5
         Held in net/web   |       |     5 |     1 ||     6
         Invisible         |       |     1 |       ||     1
         Distracted        |       |       |     1 ||     1
         Paralysed         |       |       |     2 ||     2
         Confused          |       |       |     1 ||     1
 Armour: Leather armour    |     8 |    39 |    48 ||    95
  Dodge: Dodged            |    73 |   259 |   490 ||   822

Table legend: (Time is in decaauts)
 A = Elapsed time spent in this place.
 B = Non-inter-level travel time spent in this place.
 C = Inter-level travel time spent in this place.
 D = Time resting spent in this place.
 E = Time spent auto-exploring this place.
 F = Levels seen in this place.
 G = Mean time per level.
                   A        B        C        D        E       F      G
               +--------+--------+--------+--------+--------+-----+--------+
         Total |   6018 |   5782 |    236 |    610 |   3380 |   8 |  752.2 |
       Dungeon |   5973 |   5752 |    221 |    610 |   3376 |   7 |  853.3 |
        Temple |     45 |     30 |     15 |      0 |      4 |   1 |   45.0 |
               +--------+--------+--------+--------+--------+-----+--------+

Top non-repeatable levels by time:
     D:3: 1246 daAuts
     D:6: 1102 daAuts
     D:4: 905 daAuts
     D:2: 816 daAuts
     D:1: 707 daAuts
     D:5: 688 daAuts
     D:7: 504 daAuts
  Temple: 45 daAuts
